 Dungeon Crawl Stone Soup version 0.22-a0-570-g58866f5 (webtiles) character file.

133 iamserjio the Shield-Bearer (level 5, 0/33 HPs)
             Began as a Gargoyle Fighter on June 30, 2018.
             Slain by Natasha (7 damage)
             ... on level 2 of the Dungeon.
             The game lasted 00:03:53 (501 turns).

iamserjio the Shield-Bearer (Gargoyle Fighter)       Turns: 501, Time: 00:03:54

Health: 0/33       AC: 12    Str: 19    XL:     5   Next: 16%
Magic:  5/5        EV:  7    Int:  9    God:
Gold:   49         SH:  9    Dex: 10    Spells: 4/4 levels left

rFire    . . .     SeeInvis .   a - +0 war axe
rCold    . . .     Gourm    .   c - +0 shield
rNeg     + . .     Faith    .   b - +0 scale mail
rPois    ∞         Spirit   .   (no helmet)
rElec    +         Reflect  .   h - +0 cloak
rCorr    .         Harm     .   (no gloves)
MR       .....                  (no boots)
Stlth    ..........             (no amulet)
HPRegen  0.11/turn              (no ring)
MPRegen  0.09/turn              (no ring)

@: no status effects
A: negative energy resistance 1, electricity resistance, unbreathing,
petrification resistance, rot immunity, AC +4
a: no special abilities


You were on level 2 of the Dungeon.
You were not hungry.

You visited 1 branch of the dungeon, and saw 2 of its levels.

You collected 49 gold pieces.

Inventory:

Hand Weapons
 a - a +0 war axe (weapon)
 d - a +3 quarterstaff of chaos
 e - a +0 mace
Armour
 b - a +0 scale mail (worn)
 c - a +0 shield (worn)
 h - a +0 cloak (worn)
Scrolls
 g - a scroll of identify {@r1}
 j - a scroll of teleportation
Comestibles
 f - 7 rations


   Skills:
 + Level 3.9 Fighting
 * Level 3.0 Axes
 + Level 4.0 Armour
 * Level 4.4 Shields


You had 4 spell levels left.
You didn't know any spells.
Your spell library was empty.

Dungeon Overview and Level Annotations

Branches:
Dungeon (2/15)

Altars:
Dithmenos
Hepliaklqana
Vehumet
Wu Jian

Annotations:
D:2 Natasha


Innate Abilities, Weirdness & Mutations

You are resistant to torment.
Your stone body is resilient. (AC +4)
You are immune to poison.
You resist negative energy. (rN+)
You are resistant to electric shocks. (rElec)
You can survive without breathing.
You are immune to petrification.
You are immune to rotting.


Message History

Found 10 gold pieces.
Okay, then.
As you read the scroll labeled OVVUCI QUPLATEHUOH, it crumbles to dust.
It is a scroll of identify.
j - a scroll of teleportation Natasha drinks a potion.
Natasha seems to grow stronger.
You hit Natasha.
Natasha is lightly wounded.
You block Natasha's attack. Natasha claws you.
* * * LOW HITPOINT WARNING * * *
You slash Natasha!
Natasha is almost dead.
Natasha claws you but does no damage.
You completely miss Natasha.
Natasha is almost dead.
You block Natasha's attack. Natasha closely misses you.
You miss Natasha.
Natasha is almost dead.
Natasha claws you!
You die... #PPPP

.. $### P≈P≈P# .
....... PPP≈≈.##.
......... ♣≈≈≈≈....
..........##
≈PPP5...+
+.........'.
P≈....$.###.........#
#.......#...........#
#.......#@_..._.....#
.......5h...........#
#...........⌠.......#
########..........#
#.._..._...#
#........###
#.......## #....##.#
#....##.#


You could see Natasha and a crimson imp.

Vanquished Creatures
  Crazy Yiuf (D:2)
  Natasha (twice) (D:2)
  An adder (D:2)
  An ooze (D:1)
  3 worms
  2 dart slugs (D:1)
  A ball python (D:1)
  2 giant cockroaches
  4 goblins (D:1)
  3 hobgoblins (D:1)
  4 jackals (D:2)
  4 bats
  2 frilled lizards
  3 kobolds (D:1)
  2 rats (D:2)
35 creatures vanquished.

Notes
Turn   | Place    | Note
-------+----------+-------------------------------------------
     0 | D:1      | iamserjio the Gargoyle Fighter began the quest for the Orb.
     0 | D:1      | Reached XP level 1. HP: 14/14 MP: 1/1
    88 | D:1      | Reached XP level 2. HP: 12/19 MP: 2/2
   235 | D:1      | Reached XP level 3. HP: 16/23 MP: 3/3
   241 | D:1      | You fall through a shaft!
   241 | D:2      | Found a runed door.
   241 | D:2      | Noticed Crazy Yiuf
   246 | D:2      | Killed Crazy Yiuf
   283 | D:2      | Noticed Natasha
   285 | D:2      | Killed Natasha
   285 | D:2      | Reached XP level 4. HP: 15/29 MP: 4/4
   457 | D:2      | Found an ornate altar of the Wu Jian Council.
   457 | D:2      | Found a shadowy altar of Dithmenos.
   461 | D:2      | Found a radiant altar of Vehumet.
   461 | D:2      | Found a hazy altar of Hepliaklqana.
   465 | D:2      | Noticed Natasha
   475 | D:2      | Killed Natasha
   475 | D:2      | Reached XP level 5. HP: 8/33 MP: 5/5
   490 | D:2      | Noticed Natasha
   501 | D:2      | Slain by Natasha

Vault maps used:
D:1:      evilmike_arrival_run_for_it
D:2:      grunt_temple_overflow_open, serial_bayou_lagoon_a, uniq_natasha,
          uniq_crazy_yiuf_cottage

Skill      XL: |  1  2  3  4 |
---------------+-------------+-----
Axes           | 2 3 |  3.0
Shields        | 4 |  4.4
Armour         | 4 |  4.0
Fighting       | |  3.9

Action                   |  1- 3 |  4- 6 || total
-------------------------+-------+-------++-------
Melee: War axe           |    56 |    46 ||   102
  Use: Potion            |     1 |       ||     1
       Scroll            |       |     1 ||     1
Armor: Scale mail        |    23 |    44 ||    67
Dodge: Dodged            |    15 |    20 ||    35
Block: Shield            |    23 |    39 ||    62

Table legend:
 A = Spawn XP
 B = Non-spawn XP
 C = Spawn XP percentage of total XP
 D = Spawn monster count
 E = Non-spawn monster count
 F = Spawn count percentage of total count
 G = Total turns spent on level
                    A         B        C        D         E        F      G
               +---------+---------+-------+---------+---------+-------+---------
         Total |       0 |     191 |   0.0 |       0 |      35 |   0.0 |   501
               +---------+---------+-------+---------+---------+-------+---------
           D:1 |       0 |      44 |   0.0 |       0 |      18 |   0.0 |   357
           D:2 |       0 |     147 |   0.0 |       0 |      17 |   0.0 |   144
               +---------+---------+-------+---------+---------+-------+---------
